 Dungeon Crawl Stone Soup version 0.29-a0-8-g0446c0dae4 (webtiles) character file.

Game seed: 13914313743470523599

75794 kae the Grappler (level 15, 0/166 HPs)
             Began as a Purple Draconian Transmuter on Jan 27, 2022.
             Was a Priest of Ru.
             Constricted to death by Jorgrun (5 damage)
             ... on level 11 of the Dungeon.
             The game lasted 00:17:04 (28680 turns).

kae the Grappler (Purple Draconian Transmuter)     Turns: 28680, Time: 00:17:05

Health: 0/166      AC: 31    Str: 16    XL:     15   Next: 10%
Magic:  0/29       EV: 12    Int: 24    God:    Ru [***...]
Gold:   1132       SH:  0    Dex: 11    Spells: 21/35 levels left

rFire   . . .      SeeInvis .     - Unarmed
rCold   . . .      Faith    .   (no shield)
rNeg    + . .      Spirit   +   (armour unavailable)
rPois   ∞          Reflect  .   (helmet restricted)
rElec   +          Harm     .   (no cloak)
rCorr   .          Rampage  .   (gloves currently unavailable)
Will    ++...                   (boots currently unavailable)
Stlth   ..........              h - amulet of guardian spirit
HPRegen 0.37/turn               o - +4 ring of protection
MPRegen 0.21/turn               B - +6 ring of intelligence

@: statue-form, grasped by roots, unable to drink, constricted, very slow
A: slow and powerful, torment resistance 1, boosted hp, (breathe power), AC +9,
unfitting armour, cold-blooded, inability to drink while threatened, no stealth,
hated by all
a: End Transformation, Renounce Religion, Draw Out Power


You were on level 11 of the Dungeon.
You worshipped Ru.
Ru was most pleased with you.
You were a living statue of rough stone.
You visited 4 branches of the dungeon, and saw 21 of its levels.
You also visited: Ossuary and Bailey.

You collected 1555 gold pieces.
You spent 423 gold pieces at shops.

Inventory:

Missiles
 r - 10 throwing nets
Armour
 l - a +2 pair of gloves (melded)
Jewellery
 h - an amulet of guardian spirit (around neck)
 j - a +6 ring of intelligence
 o - a +4 ring of protection (left fist)
 A - the ring "Yvvaidow" {*Corrode Will++ Str+3 SInv Stlth+}
   (You found it on level 9 of the Dungeon)

   [ring of see invisible]

   Str:       It affects your strength (+3).
   SInv:      It lets you see invisible.
   *Corrode:  It may corrode you when you take damage.
   Will:      It greatly increases your willpower.
   Stlth:     It makes you more stealthy.
 B - a +6 ring of intelligence (right fist)
 C - a ring of ice
 H - a ring of protection from fire
 L - a +4 ring of evasion
 M - a ring of fire
 O - a ring of poison resistance
Wands
 k - a wand of flame (41)
 m - a wand of iceblast (9)
 q - a wand of mindburst (28)
 E - a wand of digging (4)
 I - a wand of polymorph (3)
 Q - a wand of paralysis (5)
Scrolls
 i - 5 scrolls of enchant armour
 p - 13 scrolls of teleportation
 s - 3 scrolls of amnesia
 v - a scroll of blinking
 x - 13 scrolls of identify
 z - 2 scrolls of fog
 F - a scroll of holy word
 G - 3 scrolls of fear
 R - 6 scrolls of enchant weapon
Potions
 a - 3 potions of lignification
 b - a potion of invisibility
 c - 5 potions of haste
 d - 3 potions of flight
 e - a potion of resistance
 f - 11 potions of curing
 g - 4 potions of heal wounds
 n - 4 potions of brilliance
 t - 3 potions of mutation
 u - 3 potions of cancellation
 w - 2 potions of magic
 J - 2 potions of might
 N - 2 potions of attraction
 P - a potion of ambrosia


   Skills:
 + Level 10.4 Fighting
 + Level 8.9 Dodging
 * Level 13.6 Unarmed Combat
 + Level 10.6 Spellcasting
 * Level 13.3 Transmutations
 - Level 5.0 Ice Magic
 - Level 11.0 Earth Magic
 - Level 2.0 Poison Magic


You had 21 spell levels left.
You knew the following spells:

 Your Spells              Type           Power      Damage    Failure   Level
a - Beastly Appendage     Tmut           100%       N/A       1%          1
b - Spider Form           Tmut/Pois      49%        N/A       1%          3
c - Ice Form              Ice/Tmut       54%        N/A       1%          4
d - Statue Form           Tmut/Erth      42%        N/A       4%          6

Your spell library contained the following spells:

 Spells                   Type           Power      Damage    Failure   Level
 Wereblood                Tmut           67%        N/A       1%          2
 Ignite Poison            Fire/Tmut/Pois 37%        N/A       1%          3
 Ozocubu's Armour         Ice            36%        N/A       1%          3
 Stone Arrow              Conj/Erth      78%        3d11      1%          3
 Lee's Rapid Deconstruct  Erth           30%        3d17*     1%          5
 Leda's Liquefaction      Hex/Erth       19%        N/A       4%          4
 Static Discharge         Conj/Air       12%        N/A       8%          2
 Yara's Violent Unravell  Hex/Tmut       22%        3d10      9%          5
 Mephitic Cloud           Conj/Pois/Air  15%        N/A       12%         3
 Conjure Flame            Conj/Fire      12%        6-21      16%         3
 Dispel Undead            Necr           12%        3d9       45%         4
 Passage of Golubria      Tloc           12%        N/A       45%         4
 Sticky Flame             Conj/Fire      12%        2d4       45%         4
 Metabolic Englaciation   Hex/Ice        12%        N/A       45%         5
 Freezing Cloud           Conj/Ice/Air   10%        6-21      56%         5
 Lehudib's Crystal Spear  Conj/Erth      19%        10d6      100%        8
 Animate Armour           Summ/Erth      Unusable   N/A       N/A         4
 Tukima's Dance           Hex            Unusable   N/A       N/A         3
 Simulacrum               Ice/Necr       Unusable   N/A       N/A         6

Dungeon Overview and Level Annotations

Branches:
Dungeon (13/15)            Temple (1/1) D:6            Lair (6/6) D:9
 Shoals (0/4) Lair:2        Snake (0/4) Lair:4        Slime (0/5) Lair:6
    Orc (1/2) D:11         Vaults (0/5) D:13        Ossuary (visited)
 Bailey (visited)

Altars:
Ashenzari
Cheibriados
Dithmenos
Elyvilon
Fedhas
Gozag
Hepliaklqana
Kikubaaqudgha
Makhleb
Nemelex Xobeh
Okawaru
Qazlal
Ru
Sif Muna
Trog
Uskayaw
Vehumet
Wu Jian
Xom
Yredelemnul
Zin
The Shining One
Beogh

Shops:
D:8 *   D:9 *   D:10 (

Portals:
Trove: D:13 (give +5 demon blade)

Annotations:
D:9 2 transporters, sanka's ghost, journeyman GnSu
D:11 Jorgrun
Lair:1 3 runed translucent doors, Angani's ghost, journeyman DrGl; Sosymneph's ghost, journeyman OpDe; Tikeant's ghost, journeyman DsMo


Innate Abilities, Weirdness & Mutations

You are a living statue of rough stone.
Your actions are slow, but your melee attacks are powerful.
You are resistant to unholy torment.
Your maximum health is greatly increased.
You are immune to poison.
Your equipment is partially melded.
((You can breathe bolts of dispelling energy.))
((Your rich purple scales are hard. (AC +9)))
You cannot fit into any form of body armour.
You are cold-blooded and may be slowed by cold attacks.
You sometimes lose the ability to drink potions when taking damage.
You cannot be stealthy.
You are hated by all.


Message History

The grasping roots constrict you!
You squash the orc sorcerer like an ant!!!
You kill the orc sorcerer!
The red devil disappears in a puff of smoke!
The orc wizard hits you but does no damage.
Jorgrun closely misses you. The grasping roots constrict you!
You beat the orc wizard into a bloody pulp!!!
You kill the orc wizard!
Jorgrun casts a spell at you. The iron shot hits you!
You feel threatened and lose the ability to drink potions!
The grasping roots constrict you!
You barely miss Jorgrun. You tail-slap Jorgrun.
Jorgrun is lightly wounded.
Jorgrun closely misses you. The grasping roots constrict you.
You pummel Jorgrun!!
Jorgrun is moderately wounded.
Jorgrun hits you with a +0 vorpal quarterstaff.
The grasping roots constrict you!
* * * LOW HITPOINT WARNING * * *
You completely miss Jorgrun.
Jorgrun is moderately wounded.
Jorgrun casts a spell at you. The iron shot misses you.
The grasping roots constrict you.
* * * LOW HITPOINT WARNING * * *
Jorgrun hits you with a +0 vorpal quarterstaff.
* * * LOW HITPOINT WARNING * * *
The grasping roots constrict you.
* * * LOW HITPOINT WARNING * * *
You barely miss Jorgrun. Your punch misses Jorgrun.
Jorgrun is moderately wounded.
Jorgrun hits you with a +0 vorpal quarterstaff!!
* * * LOW HITPOINT WARNING * * *
x2 The grasping roots constrict you!
* * * LOW HITPOINT WARNING * * *
You squash Jorgrun like an ant!!!
You tail-slap Jorgrun. Your punch misses Jorgrun.
Jorgrun is severely wounded.
Jorgrun hits you but does no damage. The grasping roots constrict you!
You die...

..<..#...........................
.....#...........................
.....#...........................
.....#...........................
.....#.....######)#####..........
.....#.....# #..## ###........
.....#.....# ####...# ######...
.....#.....# #.g)...# #...
.....#.....# #.)8)..# #..^
.....#.....# #.....## #...
.....#.....# #8...8# #...
######.....# ###'### #...
...........###..[..###### #...
.............#.[)).#....# #...
.............#.._..#....######...
###########..#.....#.............
..........#..#.....#.............


You could see Jorgrun.

Vanquished Creatures
  An ironbound preserver (D:13)
  15 hydras
  Fannar (D:10)
  2 boulder beetles (D:13)
  2 vault guards (Bailey)
  An ogre mage (D:13)
  9 two-headed ogres
  4 catoblepae
  14 death yaks
  A fire crab (Lair:5)
  2 ugly things
  A deep elf pyromancer (D:12)
  2 cyclopes
  An oklob plant (Lair:3)
  An orc sorcerer (D:11)
  4 manticores
  Joseph (D:9)
  6 elephants
  4 black mambas
  3 torpor snails
  2 gargoyles
  20 cane toads
  3 rime drakes
  3 unseen horrors
  12 komodo dragons
  2 trolls (D:12)
  A wind drake (Lair:2)
  Prince Ribbit (Bailey)
  6 slime creatures (D:12)
  5 polar bears
  19 blink frogs
  8 dream sheep (Lair:6)
  Sigmund (D:3)
  41 yaks
  3 wraiths
  A vampire (D:12)
  A wyvern (shapeshifter) (D:13)
  8 wyverns
  5 basilisks
  6 humans (Bailey)
  4 vampire mosquitoes (D:13)
  5 steam dragons
  2 acid dragons (Lair:6)
  A naga (Lair:4)
  11 water moccasins
  3 orc warriors
  3 ice beasts
  2 necrophages
  13 wolves
  3 ogres
  3 centaurs
  A kobold brigand (D:8)
  24 bullfrogs
  5 gnoll sergeants
  2 scorpions
  A water moccasin skeleton (D:6)
  8 killer bees
  8 wights
  3 electric eels
  5 crimson imps (D:5)
  A bullfrog zombie (D:5)
  A centaur zombie (D:9)
  8 hounds
  A human zombie (Ossuary)
  5 orc priests
  A bullfrog skeleton (D:5)
  3 gnoll shamans (D:6)
  4 iguanas
  Ijyb (D:3)
  Terence (D:1)
  A scorpion zombie (D:5)
  6 orc wizards
  A killer bee zombie (D:9)
  3 centaur simulacra (D:9)
  4 mummies (Ossuary)
  3 hound zombies
  4 howler monkey zombies
  Robin (D:1)
  38 gnolls
  5 adders
  8 white imps
  2 ufetubi
  An adder zombie (Ossuary)
  2 worms
  5 dart slugs
  24 orcs
  3 endoplasms
  4 giant cockroaches
  10 hobgoblins
  10 jackals
  2 quokkas
  3 ball pythons
  6 bats
  3 frilled lizards
  A gnoll zombie (Ossuary)
  20 goblins
  A goblin zombie (Ossuary)
  A hobgoblin zombie (Ossuary)
  2 jackal zombies (Ossuary)
  15 kobolds
  2 kobold zombies (Ossuary)
  3 rats
  A rat zombie (Ossuary)
551 creatures vanquished.

Vanquished Creatures (others)
  A two-headed ogre (D:13)
  An orc warrior (D:11)
  27 fungi
  62 plants
91 creatures vanquished.

Grand Total: 642 creatures vanquished

Notes
Turn   | Place    | Note
-------+----------+-------------------------------------------
     0 | D:1      | kae the Draconian Transmuter began the quest for the Orb.
     0 | D:1      | Reached XP level 1. HP: 16/16 MP: 3/3
   451 | D:1      | Reached XP level 2. HP: 23/23 MP: 3/5
   684 | D:1      | Reached XP level 3. HP: 25/28 MP: 6/6
   691 | D:1      | Learned a level 3 spell: Spider Form
  1021 | D:1      | Found a faded altar of an unknown god.
  1161 | D:2      | Noticed Robin
  1161 | D:2      | Noticed Terence
  1200 | D:1      | Killed Terence
  1294 | D:1      | Reached XP level 4. HP: 15/36 MP: 0/7
  1791 | D:1      | Killed Robin
  1792 | D:1      | Reached skill level 1 in Poison Magic
  3070 | D:3      | Reached XP level 5. HP: 32/41 MP: 6/8
  3155 | D:3      | Learned a level 4 spell: Ice Form
  3185 | D:3      | Noticed Sigmund
  3200 | D:3      | Killed Sigmund
  3201 | D:3      | Reached skill level 1 in Ice Magic
  3201 | D:3      | Reached XP level 6. HP: 48/48 MP: 6/10
  3700 | D:3      | Noticed Ijyb
  3722 | D:3      | Killed Ijyb
  3890 | D:3      | Found a glowing silver altar of Zin.
  3890 | D:3      | Found a basalt altar of Yredelemnul.
  4117 | D:4      | Found a sand-covered staircase.
  4150 | Ossuary  | Entered an ossuary
  4467 | Ossuary  | Your scales start taking on a rich purple colour.
  4467 | Ossuary  | Reached XP level 7. HP: 29/56 MP: 4/12
  5322 | D:4      | Reached skill level 5 in Unarmed Combat
  5533 | D:5      | Entered Level 5 of the Dungeon
  6442 | D:5      | Found a shimmering altar of Xom.
  6456 | D:5      | Reached XP level 8. HP: 63/63 MP: 9/14
  6838 | D:5      | Reached skill level 5 in Transmutations
  7993 | D:6      | Reached XP level 9. HP: 71/71 MP: 9/16
  8187 | D:6      | Found a radiant altar of Vehumet.
  8225 | D:6      | Reached skill level 5 in Spellcasting
  8233 | D:6      | Reached skill level 5 in Ice Magic
  8667 | D:6      | Found a staircase to the Ecumenical Temple.
  9057 | Temple   | Entered the Ecumenical Temple
  9156 | Temple   | Became a worshipper of Ru the Awakened
  9332 | D:7      | Found a hazy altar of Hepliaklqana.
  9333 | D:7      | Found a shadowy altar of Dithmenos.
  9341 | D:7      | Learned a level 6 spell: Statue Form
  9553 | D:7      | Reached skill level 1 in Earth Magic
 10074 | D:8      | Found Atan's Assorted Antiques.
 10082 | D:8      | Bought a lumpy golden potion for 27 gold pieces
 10082 | D:8      | Bought a viscous sapphire potion for 27 gold pieces
 10082 | D:8      | Bought a scroll of identify for 62 gold pieces
 10082 | D:8      | Bought a scroll of identify for 62 gold pieces
 10118 | D:8      | Reached skill level 5 in Fighting
 10122 | D:8      | Found a flagged portal.
 10129 | D:8      | Found a blossoming altar of Fedhas.
 10268 | Bailey   | Entered a bailey
 10514 | Bailey   | Reached XP level 10. HP: 81/81 MP: 13/18
 10562 | Bailey   | Noticed Prince Ribbit
 10581 | Bailey   | Killed Prince Ribbit
 10650 | Bailey   | Noticed a vault guard
 10702 | Bailey   | Killed a vault guard
 10703 | Bailey   | Reached skill level 5 in Dodging
 10995 | Bailey   | Noticed a vault guard
 11011 | Bailey   | Killed a vault guard
 11342 | D:8      | Noticed a brown ugly thing
 11354 | D:8      | Killed a brown ugly thing
 11949 | D:9      | Found Hyinn's Assorted Antiques.
 11950 | D:9      | Noticed Joseph
 11967 | D:9      | Killed Joseph
 11977 | D:9      | Bought a scroll of identify for 70 gold pieces
 11977 | D:9      | Bought a wand of flame (5) for 35 gold pieces
 11977 | D:9      | Bought 2 scrolls of identify for 140 gold pieces
 12120 | D:9      | Found a transporter.
 12131 | D:9      | Identified the ring "Yvvaidow" {*Corrode Will++ Str+3 SInv
                  | Stlth+}
 12142 | D:9      | Noticed a catoblepas
 12144 | D:9      | Noticed a moth of wrath
 12192 | D:9      | Noticed a two-headed ogre
 12197 | D:9      | Noticed sanka's ghost (journeyman GnSu)
 12207 | D:9      | Killed a two-headed ogre
 12208 | D:9      | Reached skill level 5 in Earth Magic
 12243 | D:9      | Reached XP level 11. HP: 74/89 MP: 14/21
 12359 | D:9      | Found a transporter.
 13596 | D:9      | Found a staircase to the Lair.
 13743 | D:10     | Entered Level 10 of the Dungeon
 13821 | D:10     | Found Wudamuv's Weapon Shop.
 14350 | D:10     | Noticed Fannar
 14372 | D:10     | Killed Fannar
 14761 | D:10     | Noticed a two-headed ogre
 14770 | D:10     | Killed a two-headed ogre
 16410 | D:11     | Found a staircase to the Orcish Mines.
 16770 | Lair:1   | Entered Level 1 of the Lair of Beasts
 17270 | Lair:1   | Reached skill level 10 in Unarmed Combat
 17308 | Lair:1   | Noticed a seven-headed hydra
 17316 | Lair:1   | Killed a seven-headed hydra
 17317 | Lair:1   | Reached XP level 12. HP: 46/100 MP: 8/23
 17816 | Lair:1   | Found a runed translucent gate.
 17816 | Lair:1   | Found a runed translucent gate.
 17816 | Lair:1   | Found a runed translucent gate.
 17817 | Lair:1   | Noticed Sosymneph's ghost (journeyman OpDe)
 17817 | Lair:1   | Noticed Angani's ghost (journeyman DrGl)
 17818 | Lair:1   | Noticed Tikeant's ghost (journeyman DsMo)
 18066 | Lair:2   | Noticed a five-headed hydra
 18074 | Lair:2   | Killed a five-headed hydra
 18392 | Lair:2   | Found a staircase to the Shoals.
 18401 | Lair:2   | Reached skill level 10 in Transmutations
 19709 | Lair:3   | Noticed a seven-headed hydra
 19716 | Lair:3   | Killed a seven-headed hydra
 20417 | Lair:3   | Noticed a seven-headed hydra
 20422 | Lair:3   | Killed a seven-headed hydra
 21232 | Lair:4   | Found a staircase to the Snake Pit.
 21435 | Lair:4   | Noticed a seven-headed hydra
 21441 | Lair:4   | Killed a seven-headed hydra
 21442 | Lair:4   | Reached XP level 13. HP: 92/108 MP: 14/25
 22358 | Lair:5   | Gained mutation: You are hated by all. [Ru sacrifice]
 22358 | Lair:5   | Reached * piety under Ru
 23661 | Lair:6   | Entered Level 6 of the Lair of Beasts
 23661 | Lair:6   | Found a staircase to the Slime Pits.
 23982 | Lair:6   | Reached skill level 10 in Earth Magic
 24038 | Lair:6   | Reached XP level 14. HP: 107/118 MP: 16/27
 25190 | Lair:6   | Gained mutation: You cannot be stealthy. [Ru sacrifice]
 25190 | Lair:6   | Reached ** piety under Ru
 25284 | Lair:6   | Reached skill level 10 in Spellcasting
 26638 | D:12     | Reached skill level 10 in Fighting
 27573 | D:13     | Gained mutation: You sometimes lose the ability to drink
                  | potions when taking damage. [Ru sacrifice]
 27573 | D:13     | Reached *** piety under Ru
 27652 | D:13     | HP: 7/157 [two-headed ogre (13)]
 27659 | D:13     | Reached XP level 15. HP: 32/121 MP: 11/29
 28010 | D:13     | Found a gate to the Vaults.
 28293 | D:13     | Found a portal to a secret trove of treasure.
 28627 | Orc:1    | Entered Level 1 of the Orcish Mines
 28627 | Orc:1    | Noticed Jorgrun
 28679 | D:11     | HP: 5/166 [constriction (13)]
 28680 | D:11     | Constricted to death by Jorgrun

Illustrated notes

Levels and vault maps discovered:
D:1:      minmay_arrival_three_doors, layout_loops_ring,
          hellmonk_ecumenical_altar_defaced_shrine
D:2:      layout_basic, uniq_robin, uniq_terence
D:3:      layout_basic, gammafunk_temple_overflow_statue, uniq_ijyb,
          uniq_sigmund
D:4:      layout_basic, nicolae_ossuary_entry_monument
D:5:      layout_basic, led_xom_imps, minmay_fire_ice_demons
D:6:      layout_cave_pools, mainiacjoe_overflow_surrounded_room,
          temple_doors_e, serial_gnoll_camp, gnoll_camp_mini_hut,
          gnoll_camp_mini_hut, gnoll_camp_huts_moat, gnoll_camp_mini_doghouse,
          gnoll_camp_medium_02, gnoll_camp_mini_sergeant
D:7:      layout_cave_pools, riverfiend_overflow_shadow_ancestor
D:8:      layout_rooms, fedhas_altar_3, enter_bailey_5, serial_shops,
          nicolae_stop_n_shop_2
D:9:      layout_irregular_city, erik_lair_dragon, serial_ice, serial_ice_b,
          serial_ice_i, serial_ice_n, serial_ice_c, serial_ice_e,
          gammafunk_ghost_berserking_beasts, serial_shops, shop_statue,
          uniq_joseph
D:10:     layout_layer_cave, serial_shops, nicolae_shop_waterfront, uniq_fannar
D:11:     layout_irregular_city, minmay_orc_entry_temple_small
D:12:     layout_irregular_city, st_stairs_14
D:13:     layout_cave_pods, skrybe_vaults_entry_preservation,
          nicolae_trove_entry_free_sample, minmay_strange_pillars
Temple:   regret_index_temple_waves
Lair:1:   layout_big_grid, gammafunk_ghost_cemetery
Lair:2:   layout_cave_pods, minmay_shoals_entry_beasts
Lair:3:   layout_misc_corridors, minmay_lair_oklob_items, lemuel_fruit_fields,
          lemuel_fruit_fields
Lair:4:   layout_roguey, guppyfry_snake_entry_island
Lair:5:   layout_regular_city, minmay_stone_trees_small,
          chequers_serial_rivers_micro_c, minmay_shattered_shrine,
          lemuel_fruit_fields
Lair:6:   evilmike_catoblepas_cave, layout_loops_ring, slime_dummy,
          guppyfry_lair_drakes, grunt_megastairs_5
Orc:1:    layout_diamond_mine, serial_shops, shop, statue_in_the_mist_lemuel,
          uniq_jorgrun

Skill      XL: |  1  2  3  4  5  6  7  8  9 10 11 12 13 14 |
---------------+-------------------------------------------+-----
Dodging        | 2 3 4 5 6 7 8 |  8.9
Poison Magic   | 1 2 |  2.0
Transmutations | 3 4 5 7 8 9 10 11 13 | 13.3
Fighting       | 2 3 4 5 6 7 8 9 10 | 10.4
Unarmed Combat | 4 5 6 7 8 10 11 12 13 | 13.6
Ice Magic      | 1 2 3 4 5 |  5.0
Spellcasting   | 3 4 5 6 7 8 9 10 | 10.6
Earth Magic    | 2 5 7 8 10 11 | 11.0

Action                   |  1- 3 |  4- 6 |  7- 9 | 10-12 | 13-15 || total
-------------------------+-------+-------+-------+-------+-------++-------
Melee: Unarmed           |    78 |   170 |   442 |   574 |   549 ||  1813
       Tailslap          |     7 |     7 |     8 |    23 |   119 ||   164
       Kick              |     7 |    11 |    10 |       |       ||    28
       Punch             |     2 |     1 |       |    11 |    68 ||    82
       Headbutt          |     5 |     5 |     5 |       |       ||    15
 Cast: Beastly Appendage |    12 |    21 |     5 |       |       ||    38
       Spider Form       |     3 |     7 |    14 |       |       ||    24
       Ice Form          |       |     1 |    29 |    55 |       ||    85
       Statue Form       |       |       |       |    12 |    55 ||    67
Invok: Sacrifice Love    |       |       |       |       |     1 ||     1
       Draw Out Power    |       |       |       |       |     1 ||     1
       Sacrifice Drink   |       |       |       |       |     1 ||     1
       Sacrifice Stealth |       |       |       |       |     1 ||     1
 Abil: Breathe Dispellin |       |       |     1 |       |       ||     1
Evoke: Wand              |       |       |     3 |     9 |       ||    12
  Use: Scroll            |       |     8 |    15 |     4 |     2 ||    29
       Potion            |       |       |       |     1 |       ||     1
 Stab: Invisible         |       |       |       |       |     1 ||     1
Armor: Skin              |    20 |   113 |   236 |   311 |   508 ||  1188
Dodge: Dodged            |    71 |   195 |   318 |   345 |   584 ||  1513

Table legend: (Time is in decaauts)
 A = Elapsed time spent in this place.
 B = Non-inter-level travel time spent in this place.
 C = Inter-level travel time spent in this place.
 D = Time resting spent in this place.
 E = Time spent auto-exploring this place.
 F = Levels seen in this place.
 G = Mean time per level.
                   A        B        C        D        E       F      G
               +--------+--------+--------+--------+--------+-----+--------+
         Total |  29927 |  28878 |   1049 |   1681 |  22912 |  23 | 1301.2 |
       Dungeon |  18130 |  17489 |    641 |   1388 |  13545 |  13 | 1394.6 |
        Temple |    117 |     88 |     29 |      0 |     73 |   1 |  117.0 |
          Lair |  10001 |   9624 |    377 |     43 |   8169 |   6 | 1666.8 |
  Orcish Mines |      5 |      5 |      0 |      0 |      0 |   1 |    5.0 |
       Ossuary |    735 |    735 |      0 |    250 |    376 |   1 |  735.0 |
        Bailey |    937 |    937 |      0 |      0 |    748 |   1 |  937.0 |
               +--------+--------+--------+--------+--------+-----+--------+

Top non-repeatable levels by time:
  Lair:6: 2420 daAuts
     D:9: 2044 daAuts
     D:6: 2042 daAuts
  Lair:5: 1828 daAuts
     D:1: 1805 daAuts
    D:10: 1791 daAuts
  Lair:2: 1763 daAuts
    D:12: 1654 daAuts
  Lair:3: 1609 daAuts
    D:13: 1379 daAuts
     D:5: 1246 daAuts
  Lair:1: 1204 daAuts
  Lair:4: 1173 daAuts
    D:11: 1167 daAuts
     D:2: 1141 daAuts
